 Dungeon Crawl Stone Soup version 0.28-a0-317-g21599a725c (webtiles) character file.

Game seed: 6308218347000956564

82 RinnBerevan the Chopper (level 4, -2/40 HPs)
             Began as a Hill Orc Cinder Acolyte on Sept 1, 2021.
             Was a High Priest of Ignis.
             Slain by a kobold (3 damage)
             ... on level 3 of the Dungeon.
             The game lasted 00:18:14 (2192 turns).

RinnBerevan the Chopper (Hill Orc Cinder Acolyte)   Turns: 2192, Time: 00:18:14

Health: -2/40      AC:  7    Str: 17    XL:     4   Next: 43%
Magic:  6/6        EV:  9    Int: 14    God:    Ignis [*****.]
Gold:   69         SH:  0    Dex:  6    Spells: 5/6 levels left

rFire   + . .      SeeInvis +   a - -1 hand axe (flame)
rCold   . . .      Faith    +   (no shield)
rNeg    . . .      Spirit   .   e - +0 scale mail
rPois   .          Reflect  .   (no helmet)
rElec   .          Harm     .   (no cloak)
rCorr   .          Rampage  .   d - +0 pair of gloves
Will    .....                   (no boots)
Stlth   ..........              m - amulet of faith
HPRegen 0.13/turn               j - ring of see invisible
MPRegen 0.10/turn               k - ring of flight

@: flying
A: no striking features
a: Renounce Religion, Sea of Fire, Foxfire Swarm, Rising Flame


You were on level 3 of the Dungeon.
You worshipped Ignis.
Ignis was extremely pleased with you.
You visited 1 branch of the dungeon, and saw 3 of its levels.

You collected 69 gold pieces.

Inventory:

Hand Weapons
 a - a -1 hand axe of flaming (weapon)
Missiles
 b - 44 arrows
 c - 10 bolts
Armour
 d - a +0 pair of gloves (worn)
 e - a +0 scale mail (worn)
Jewellery
 j - a ring of see invisible (left hand)
 k - a ring of flight (right hand)
 m - an amulet of faith (around neck)
Scrolls
 h - a scroll of identify {unknown}
 i - a scroll of enchant weapon {unknown}
 l - a scroll of vulnerability {unknown}
 n - 3 scrolls of noise {unknown}
 o - a scroll of teleportation {unknown}
Potions
 f - a potion of flight {unknown}
 g - a potion of berserk rage {unknown}
 p - a potion of lignification {unknown}


   Skills:
 + Level 4.1 Fighting
 + Level 4.8 Axes
 * Level 0.8 Armour
 * Level 1.3 Stealth
 * Level 1.5 Spellcasting
 * Level 1.8 Fire Magic


You had 5 spell levels left.
You knew the following spells:

 Your Spells              Type           Power      Damage    Failure   Level
a - Foxfire               Conj/Fire      12%        2x1d4     52%         1

Your spell library contained the following spells:

 Spells                   Type           Power      Damage    Failure   Level
 Pain                     Necr           4%         1d4       65%         1
 Agony                    Necr           1%         N/A       100%        5
 Excruciating Wounds      Necr           0%         N/A       100%        5


Dungeon Overview and Level Annotations

Branches:
Dungeon (3/15)

Altars:

Shops:
D:3 ?


Message History

An orc comes into view. It is wielding a +0 club.
You feel sick. The black bear closely misses you.
The black bear completely misses you. The black bear closely misses you.
You feel sick.
You are no longer poisoned.
The black bear bites you. The black bear barely misses you.
The black bear claws you but does no damage.
The black bear bites you but does no damage.
The black bear claws you. x2
The black bear barely misses you. The black bear claws you.
The black bear claws you but does no damage.
An orc comes into view. It is wielding a +0 club.
The orc shouts!
The kobold hits you but does no damage.
The black bear bites you but does no damage.
The black bear claws you.
* * * LOW HITPOINT WARNING * * *
The black bear closely misses you.
A rat comes into view.
The kobold hits you but does no damage. The orc barely misses you.
The black bear bites you but does no damage.
The black bear barely misses you.
The black bear claws you but does no damage.
The kobold barely misses you. The black bear bites you.
* * * LOW HITPOINT WARNING * * *
The black bear misses you. The black bear claws you.
* * * LOW HITPOINT WARNING * * *
The kobold hits you but does no damage. The orc hits you with a +0 club.
* * * LOW HITPOINT WARNING * * *
The orc hits you but does no damage. The black bear closely misses you.
The black bear claws you.
* * * LOW HITPOINT WARNING * * *
The black bear claws you but does no damage.
The kobold closely misses you. The orc hits you but does no damage.
An orc comes into view. It is wielding a +0 hand axe.
The orc barely misses you. The black bear bites you.
* * * LOW HITPOINT WARNING * * *
The black bear claws you but does no damage. x2
The kobold hits you with a +0 dagger.
You die...

#. ###.########
#...........
#..........#
#..........#
#..........# # ..
#........h.##.##
..###...>...@Kro....
............oo.##o##
..............(.#
................#
................#
..).............#
.........#####+##
.........#
.........#


You could see a black bear, 4 orcs, a kobold and a rat.

Vanquished Creatures
  2 adders (D:2)
  A worm (D:2)
  4 dart slugs
  A ball python (D:1)
  3 bats
  6 endoplasms
  4 giant cockroaches
  5 hobgoblins
  4 jackals (D:2)
  6 frilled lizards
  3 goblins
  5 kobolds
  7 rats
51 creatures vanquished.

Notes
Turn   | Place    | Note
-------+----------+-------------------------------------------
     0 | D:1      | RinnBerevan the Hill Orc Cinder Acolyte began the quest for
                  | the Orb.
     0 | D:1      | Reached XP level 1. HP: 19/19 MP: 2/2
   200 | D:1      | Reached XP level 2. HP: 4/26 MP: 3/3
   599 | D:1      | Reached skill level 1 in Stealth
   851 | D:1      | Reached XP level 3. HP: 33/33 MP: 4/4
  1829 | D:2      | Reached XP level 4. HP: 38/40 MP: 6/6
  2111 | D:3      | Found Osin's Magic Scroll Boutique.
  2176 | D:3      | Noticed a black bear
  2191 | D:3      | HP: 1/40 [black bear (2)]
  2192 | D:3      | Slain by a kobold

Illustrated notes

Levels and vault maps discovered:
D:1:      shiori_arrival_elements, layout_basic, minmay_bisected
D:2:      minmay_skewed_foursquare, layout_rooms, eino_tiny_chamber,
          minmay_distorted
D:3:      layout_basic, yredelemnul_forgotten_temple_becter, serial_shops,
          shop_scrolls

Skill      XL: |  1  2  3 |
---------------+----------+-----
Stealth        | 1 |  1.3
Fighting       | 4 |  4.1
Axes           | |  4.8
Armour         | |  0.8
Spellcasting   | |  1.5
Fire Magic     | |  1.8

Action                   |  1- 3 |  4- 6 || total
-------------------------+-------+-------++-------
Melee: Hand axe          |   111 |    45 ||   156
  Use: Potion            |       |     1 ||     1
Armor: Robe              |     7 |       ||     7
       Scale mail        |    36 |    35 ||    71
Dodge: Dodged            |    63 |    32 ||    95

Table legend: (Time is in decaauts)
 A = Elapsed time spent in this place.
 B = Non-inter-level travel time spent in this place.
 C = Inter-level travel time spent in this place.
 D = Time resting spent in this place.
 E = Time spent auto-exploring this place.
 F = Levels seen in this place.
 G = Mean time per level.
                   A        B        C        D        E       F      G
               +--------+--------+--------+--------+--------+-----+--------+
         Total |   2203 |   1496 |    707 |    760 |      0 |   3 |  734.3 |
       Dungeon |   2203 |   1496 |    707 |    760 |      0 |   3 |  734.3 |
               +--------+--------+--------+--------+--------+-----+--------+

Top non-repeatable levels by time:
     D:1: 1534 daAuts
     D:2: 588 daAuts
     D:3: 80 daAuts
